 Dungeon Crawl Stone Soup version 0.25-a0-566-g062765be81 (webtiles) character file.

Game seed: 5012281965861456190, levelgen mode: deterministic

5067 Flugslaktarn the Cleaver (level 10, -3/92 HPs)
             Began as a Deep Dwarf Fighter on Feb 27, 2020.
             Was a Believer of Makhleb.
             Slain by a vampire (5 damage)
             ... on level 9 of the Dungeon.
             The game lasted 00:04:35 (4636 turns).

Flugslaktarn the Cleaver (Deep Dwarf Fighter)       Turns: 4636, Time: 00:04:35

Health: -3/92      AC: 17    Str: 24    XL:     10   Next: 31%
Magic:  16/16 (6)  EV:  7    Int: 13    God:    Makhleb [**....]
Gold:   295        SH: 11    Dex: 12    Spells: 9/9 levels left

rFire    . . .     SeeInvis .   a - +0 war axe
rCold    . . .     Gourm    .   c - +0 kite shield
rNeg     . . .     Faith    .   f - +0 chain mail
rPois    .         Spirit   .   g - +3 hat of Pondering {ponderous, MR+ MP+10 Int+5}
rElec    .         Reflect  .   C - scarf {repulsion}
rCorr    .         Harm     .   F - +0 pair of gloves
MR       ++...                  s - +1 pair of boots {Fly}
Stlth    ..........             (no amulet)
HPRegen  0.00/turn              (no ring)
MPRegen  0.15/turn              (no ring)

@: flying, non-regenerating, repel missiles, slow
A: damage resistance, heal wounds, sense surroundings 2, no regeneration
a: Heal Wounds, Minor Destruction, Renounce Religion, Stop Flying


You were on level 9 of the Dungeon.
You worshipped Makhleb.
Makhleb was pleased with you.
You were not hungry.

You visited 2 branches of the dungeon, and saw 10 of its levels.
You also visited: Ossuary.

You collected 331 gold pieces.
You spent 36 gold pieces at shops.

Inventory:

Hand Weapons
 a - a +0 war axe (weapon)
Missiles
 p - 2 throwing nets (quivered)
Armour
 c - a +0 kite shield (worn)
 f - a +0 chain mail (worn)
   (You found it on level 1 of the Dungeon)
 g - the +3 hat of Pondering (worn) {ponderous, MR+ MP+10 Int+5}
   (You took it off Gastronok on level 8 of the Dungeon)

   It affects your intelligence (+5).
   It affects your resistance to hostile enchantments.
   It affects your magic capacity (+10).
   If you remove this armour, your AC will decrease by 3 (17 -> 14).
 s - a +1 pair of boots of flying (worn)
   (You found it on level 4 of the Dungeon)
 t - a +0 helmet
   (You found it on level 4 of the Dungeon)
 C - a scarf of repulsion (worn)
   (You found it on level 6 of the Dungeon)
 F - a +0 pair of gloves (worn)
   (You found it on level 8 of the Dungeon)
Jewellery
 y - an uncursed ring of fire {unknown}
   (You found it on level 5 of the Dungeon)
 E - an uncursed ring of positive energy {unknown}
   (You found it on level 8 of the Dungeon)
Wands
 n - a wand of paralysis (4)
   (You found it on level 2 of the Dungeon)
 G - a wand of acid (7)
   (You took it off Psyche on level 9 of the Dungeon)
Scrolls
 b - a scroll of immolation
 i - a scroll of fear
 l - 4 scrolls of teleportation
 o - 4 scrolls of magic mapping
 r - 2 scrolls of identify
 w - 3 scrolls of remove curse
 x - a scroll of fog
 z - 2 scrolls of blinking
 H - 3 scrolls of enchant armour {unknown}
Potions
 d - 2 potions of might
 h - 3 potions of haste
 j - 2 potions of brilliance
 k - 2 potions of invisibility
 m - 4 potions of magic
 q - 2 potions of curing
 v - a potion of cancellation
 A - 2 potions of stabbing {unknown}
 B - a potion of lignification {unknown}
 D - a potion of degeneration {unknown}
Comestibles
 e - 9 rations
 u - 4 chunks of flesh


   Skills:
 + Level 6.4 Fighting
 * Level 10.1 Axes
 + Level 7.8 Armour
 + Level 7.7 Shields
 + Level 7.0 Invocations


You had 9 spell levels left.
You didn't know any spells.
Your spell library was empty.

Dungeon Overview and Level Annotations

Branches:
Dungeon (9/15)             Temple (1/1) D:5         Ossuary (visited)
   Lair: D:8-11         Orc: D:9-12

Altars:
Ashenzari
Cheibriados
Dithmenos
Elyvilon
Fedhas
Gozag
Kikubaaqudgha
Makhleb
Nemelex Xobeh
Okawaru
Qazlal
Ru
Sif Muna
Trog
Uskayaw
Vehumet
Wu Jian
Xom
Yredelemnul
Zin
The Shining One
Jiyva

Shops:
D:4 *   D:6 =

Annotations:
D:4 1 runed translucent door
D:8 3 runed translucent doors, MisterFreud's ghost, novice GnFi


Innate Abilities, Weirdness & Mutations

You are resistant to damage.
You can heal yourself by infusing magical energy.
You passively map the area around you.
You do not regenerate.


Message History

You hit something. Something hits you. Something bites you.
Something draws strength from your injuries!
You slash something! Something hits you!
Something bites you but does no damage.
You hit something. Something hits you but does no damage. Something bites you!
* * * LOW HITPOINT WARNING * * *
Something draws strength from your injuries!
You closely miss something. Something hits you but does no damage.
Something bites you but does no damage. Something hits you but does no damage.
Something bites you but does no damage.
You slash something!
Unholy energy fills the air.
* * * LOW HITPOINT WARNING * * *
Your shield and chain mail prevent you from hitting something.
Something hits you.
* * * LOW HITPOINT WARNING * * *
Something bites you.
* * * LOW HITPOINT WARNING * * *
Something draws strength from your injuries!
You hit something. Something hits you.
You die...

##### #...... #...#
#..P... #...# #......
#...# #...).. * #...###
* * ###.### , , ,,*
#..... ,, #..# # * * *
###...### ####.#### *
#.......# ......... *
#...@...# * ##...... * ,
#...{...# ####....... *
#.......# #.........# #
#.......# *.##......# ,
#. ##.#.#### . #.#.####
...#....####..###.#.#
......#......###..#.# ##
...##....#####......#...
*.........###..........#


There were no monsters in sight!

Vanquished Creatures
  Gastronok (D:8)
  Psyche (D:9)
  Prince Ribbit (D:9)
  A water moccasin (D:6)
  2 black bears
  4 orc warriors
  A phantom (D:5)
  A necrophage (D:8)
  6 ogres
  A centaur (D:8)
  A crocodile (D:9)
  A big kobold (D:8)
  2 bullfrogs
  2 water moccasin zombies (D:6)
  2 scorpions
  A howler monkey (D:7)
  2 crimson imps (D:6)
  A bullfrog zombie (D:8)
  7 orc priests
  A hound (D:7)
  A jelly (D:8)
  A bullfrog skeleton (D:6)
  A centaur skeleton (D:8)
  2 iguanas
  6 orc wizards
  A worker ant (D:9)
  A big kobold zombie (Ossuary)
  A hound zombie (D:6)
  A hound skeleton (D:6)
  2 mummies
  A worker ant zombie (D:7)
  7 gnolls (D:4)
  3 adders
  2 shadow imps
  3 adder skeletons
  A dart slug (D:4)
  2 worms
  3 leopard geckos
  25 orcs
  4 spectral bats (Ossuary)
  A ball python (D:6)
  A bat (D:2)
  A giant cockroach (D:3)
  4 goblins
  3 hobgoblins
  6 jackals
  4 kobolds
  5 quokkas
  7 frilled lizards
  6 gnoll zombies (Ossuary)
  3 goblin zombies
  A jackal skeleton (D:7)
  3 kobold zombies
  5 orc zombies (Ossuary)
  A quokka skeleton (D:4)
  4 rats
  4 spectral goblins (Ossuary)
  2 spectral kobolds (Ossuary)
  4 spectral rats (Ossuary)
172 creatures vanquished.

Vanquished Creatures (others)
  An adder (D:3)
1 creature vanquished.

Grand Total: 173 creatures vanquished

Notes
Turn   | Place    | Note
-------+----------+-------------------------------------------
     0 | D:1      | Flugslaktarn the Deep Dwarf Fighter began the quest for the
                  | Orb.
     0 | D:1      | Reached XP level 1. HP: 20/20 MP: 1/1
    90 | D:2      | Reached XP level 2. HP: 16/27 MP: 2/2
   192 | D:2      | Found a blossoming altar of Fedhas.
   312 | D:3      | Found a bloodstained altar of Trog.
   514 | D:3      | Reached skill level 3 in Axes
   514 | D:3      | Reached XP level 3. HP: 27/34 MP: 3/3
   534 | D:3      | Reached XP level 4. HP: 23/42 MP: 4/4
   574 | D:3      | You fall into a shaft and drop 2 floors!
   574 | D:5      | Entered Level 5 of the Dungeon
   610 | D:4      | Found a shadowy altar of Dithmenos.
   624 | D:4      | Found a glowing golden altar of the Shining One.
   765 | D:4      | Found a sand-covered staircase.
   772 | Ossuary  | Entered an ossuary
   904 | Ossuary  | Reached skill level 4 in Axes
   908 | Ossuary  | Reached XP level 5. HP: 40/49 MP: 5/5
  1009 | D:4      | Found a shattered altar of Ashenzari.
  1125 | D:4      | Noticed an ogre
  1128 | D:4      | Noticed a human
  1135 | D:4      | Killed an ogre
  1136 | D:4      | Found a runed translucent door.
  1138 | D:4      | Found a basalt altar of Yredelemnul.
  1176 | D:4      | Reached XP level 6. HP: 51/57 MP: 6/6
  1231 | D:4      | Found Houtiqag's General Store.
  1239 | D:4      | Bought a scroll of teleportation for 36 gold pieces
  1437 | D:4      | Reached skill level 5 in Axes
  1820 | D:5      | Found a staircase to the Ecumenical Temple.
  1831 | Temple   | Entered the Ecumenical Temple
  1970 | Temple   | Became a worshipper of Makhleb the Destroyer
  2195 | D:5      | Reached XP level 7. HP: 52/64 MP: 6/6
  2206 | D:5      | Reached skill level 1 in Invocations
  2211 | D:5      | Reached skill level 5 in Armour
  2211 | D:5      | Reached skill level 5 in Shields
  2554 | D:6      | Reached skill level 6 in Axes
  2578 | D:6      | Reached * piety under Makhleb
  2578 | D:6      | Reached XP level 8. HP: 50/73 MP: 6/8
  2602 | D:6      | Reached skill level 7 in Axes
  2796 | D:6      | Found a sacrificial altar of Ru.
  2796 | D:6      | You are sucked into a shaft and drop 1 floor!
  2850 | D:7      | Reached skill level 5 in Fighting
  2907 | D:6      | Found Fukeif's Jewellery Emporium.
  2951 | D:6      | Reached skill level 8 in Axes
  3134 | D:7      | Gained mutation: You passively map the area around you.
                  | [Deep Dwarf growth]
  3134 | D:7      | Reached XP level 9. HP: 46/81 MP: 6/6
  3136 | D:7      | Reached ** piety under Makhleb
  3566 | D:8      | Noticed Gastronok
  3588 | D:8      | HP: 3/81 [Gastronok/the air (32)]
  3614 | D:8      | Killed Gastronok
  3614 | D:8      | Reached skill level 9 in Axes
  3794 | D:8      | Reached XP level 10. HP: 77/91 MP: 5/5
  4139 | D:8      | Found a runed translucent gate.
  4139 | D:8      | Found a runed translucent gate.
  4140 | D:8      | Found a runed translucent gate.
  4142 | D:8      | Noticed MisterFreud's ghost (novice GnFi)
  4143 | D:8      | Found a viscous altar of Jiyva.
  4487 | D:9      | Noticed Psyche
  4498 | D:9      | Killed Psyche
  4498 | D:9      | Reached skill level 10 in Axes
  4546 | D:9      | Noticed Prince Ribbit
  4582 | D:9      | Killed Prince Ribbit
  4635 | D:9      | HP: 4/92 [something (3)]
  4636 | D:9      | Slain by a vampire

Levels and vault maps discovered:
D:1:      minmay_arrival_semitransparent, layout_rooms, minmay_misc_feat_plants
D:2:      layout_loops_ring, lemuel_crystal_altar, first_ration,
          grunt_ministairs_4
D:3:      layout_basic, lemuel_round_altar, lemuel_altar_in_water
D:4:      layout_gridville, nicolae_dithmenos_shadow_blocks,
          grunt_temple_overflow_open, serial_shops, shop,
          nicolae_ossuary_entry_giza, chequers_jeans, dk_yredelemnul_ordeal
D:5:      layout_cave_pools, minmay_temple_entry_drinking_statues,
          minmay_misc_feat_x
D:6:      layout_rooms, overflow_temple_1_default, serial_shops,
          nicolae_shop_temple_entry_statues_fountains
D:7:      layout_cave_pools
D:8:      kennysheep_blocky_hall, layout_loops_cross, gammafunk_ghost_ooze,
          uniq_gastronok
D:9:      layout_rooms, grunt_lair_entry_orc_guard_hut, blue_anna_alchemist
          [blue_anna_fruit_fields, blue_anna_fruit_fields], uniq_psyche,
          uniq_prince_ribbit1
Temple:   regret_index_temple_sphere_string

Skill      XL: |  1  2  3  4  5  6  7  8  9 10 |
---------------+-------------------------------+-----
Fighting       | 3 4 5 6 |  6.4
Axes           | 3 4 5 6 8 9 10 | 10.1
Armour         | 4 5 6 7 |  7.8
Shields        | 4 5 6 7 |  7.7
Invocations    | 2 4 6 7 |  7.0

Action                   |  1- 3 |  4- 6 |  7- 9 | 10-12 || total
-------------------------+-------+-------+-------+-------++-------
Melee: War axe           |    91 |   240 |   234 |   172 ||   737
 Abil: Heal Wounds       |     2 |     7 |    24 |     6 ||    39
Evoke: Wand              |       |       |       |     2 ||     2
  Use: Scroll            |       |       |    13 |       ||    13
 Stab: Paralysed         |       |       |       |     6 ||     6
  Eat: Ration            |       |     1 |     1 |       ||     2
       Chunk             |       |     2 |     2 |     3 ||     7
Armor: Chain mail        |    51 |   127 |   154 |   104 ||   436
       Scale mail        |     1 |       |       |       ||     1
Dodge: Dodged            |    34 |    53 |    71 |    29 ||   187
       Deflected         |       |       |       |     1 ||     1
Block: Kite shield       |    48 |   130 |   168 |    90 ||   436

Table legend:
 A = Non-vault XP
 B = Vault XP
 C = Vault XP percentage of total XP
 D = Non-vault monster count
 E = Vault monster count
 F = Vault count percentage of total count
                 A         B        C        D         E       F
            +---------+---------+-------+---------+---------+-------
      Total |    4041 |    3198 |  44.2 |     131 |      42 |  24.3
            +---------+---------+-------+---------+---------+-------
        D:1 |      11 |       0 |   0.0 |       7 |       0 |   0.0
        D:2 |       7 |       3 |  30.0 |       5 |       2 |  28.6
        D:3 |     107 |       0 |   0.0 |      15 |       0 |   0.0
        D:4 |     310 |      20 |   6.1 |      15 |       3 |  16.7
        D:5 |     422 |       0 |   0.0 |      17 |       0 |   0.0
        D:6 |    1215 |       0 |   0.0 |      31 |       0 |   0.0
        D:7 |     776 |       0 |   0.0 |      15 |       0 |   0.0
        D:8 |    1038 |    2375 |  69.6 |      22 |       4 |  15.4
        D:9 |     155 |     716 |  82.2 |       4 |       2 |  33.3
    Ossuary |       0 |      84 | 100.0 |       0 |      31 | 100.0
            +---------+---------+-------+---------+---------+-------
